 Dungeon Crawl Stone Soup version 0.30-a0-371-gad7725a93e (webtiles) character file.

Game seed: 7215965156522990100

448 DeathSun the Ruffian (level 6, -2/55 HPs)
             Began as a Troll Gladiator on Nov 21, 2022.
             Was a Believer of Nemelex Xobeh.
             Shot with an arrow by a centaur (13 damage)
             ... on level 5 of the Dungeon.
             The game lasted 00:05:35 (2931 turns).

DeathSun the Ruffian (Troll Gladiator)              Turns: 2931, Time: 00:05:35

Health: -2/55      AC:  4    Str: 25    XL:     6   Next: 73%
Magic:  7/7        EV: 10    Int:  4    God:    Nemelex Xobeh [**....]
Gold:   210        SH:  0    Dex: 11    Spells: 5/5 levels left

rFire   . . .      SeeInvis .      - Unarmed
rCold   . . .      Faith    .    (no shield)
rNeg    . . .      Spirit   .    a - +0 robe
rPois   .          Reflect  .    b - +0 hat
rElec   .          Harm     .    (no cloak)
rCorr   .          Rampage  .    (gloves unavailable)
Will    .....                    (boots unavailable)
Stlth   +.........               (no amulet)
HPRegen 1.09/turn                (no ring)
MPRegen 0.10/turn                (no ring)

@: no status effects
A: large, unfitting armour, claws 3, regeneration 1, shaggy fur 1, tough skin 1
a: Renounce Religion, Draw Escape, Draw Destruction, Draw Summoning


You were on level 5 of the Dungeon.
You worshipped Nemelex Xobeh.
Nemelex Xobeh was pleased with you.
You visited 1 branch of the dungeon, and saw 5 of its levels.

You collected 210 gold pieces.

Inventory:

Missiles
 c - 4 throwing nets (quivered)
 d - a large rock
Armour
 a - a +0 robe (worn)
 b - a +0 hat (worn)
Jewellery
 v - a ring of willpower
 w - a +6 ring of strength
 x - a ring of magical power
 A - an amulet of regeneration
Wands
 s - a wand of digging (4)
Scrolls
 f - 2 scrolls of vulnerability {unknown}
 h - 3 scrolls of blinking {unknown}
 j - 4 scrolls of identify {unknown}
 k - 2 scrolls of poison {unknown}
 l - a scroll of enchant weapon {unknown}
 m - a scroll of torment {unknown}
 o - 2 scrolls of amnesia {unknown}
 u - 2 scrolls of teleportation {unknown}
 y - a scroll of fear {unknown}
Potions
 e - 3 potions of brilliance {unknown}
 g - 3 potions of haste {unknown}
 i - a potion of ambrosia {unknown}
 n - a potion of heal wounds {unknown}
 p - a potion of might {unknown}
 q - a potion of attraction {unknown}
 r - a potion of cancellation {unknown}
 t - 2 potions of curing {unknown}
 z - 2 potions of resistance {unknown}


   Skills:
 - Level 1.5 Fighting
 - Level 1.7 Throwing
 - Level 2.4 Dodging
 * Level 6.5 Unarmed Combat
 * Level 3.3 Invocations


You had 5 spell levels left.
You didn't know any spells.
Your spell library contained the following spells:

 Spells                   Type           Power      Damage    Failure   Level
 Magic Dart               Conj           0%         1d3       50%         1
 Call Imp                 Summ           0%         N/A       65%         2
 Mephitic Cloud           Conj/Pois/Air  0%         N/A       86%         3


Dungeon Overview and Level Annotations

Branches:
Dungeon (5/15)
 Temple: D:4-7

Altars:
Cheibriados
Elyvilon
Makhleb
Nemelex Xobeh
Okawaru
Zin
The Shining One

Shops:
D:4 *


Innate Abilities, Weirdness & Mutations

You are too large for most types of armour.
You have claws for hands.
Your natural rate of healing is unusually fast.
You are covered in fur. (AC +1)
You have tough skin. (AC +1)


Message History

You feel sick.
You feel sick.
You feel sick.
You feel sick.
You are no longer poisoned.
You are no longer corroded.
HP restored.
Done exploring.
There is a stone staircase leading down, spattered with blood here.
You climb downwards.
The jackal bites you. The jackal misses you. x2
The jackal bites you but does no damage.
The jackal barely misses you.
There is a stone staircase leading up here.
You mangle the jackal!!
You kill the jackal!
The jackal barely misses you.
You claw the jackal!
You kill the jackal!
No target in view!
No target in view!
No target in view!
No target in view!
Found a book of Minor Magic.
You see here a +0 demon whip.
Found an iron altar of Okawaru.
You pick up a book of Minor Magic and begin reading...
You add the spells Magic Dart, Call Imp and Mephitic Cloud to your library.
An iguana comes into view.
The iguana hisses angrily.
You see here a +0 demon whip.
The centaur shouts!
The centaur shoots an arrow.
The arrow hits you!
The centaur shoots an arrow.
The arrow hits you!
The centaur shoots an arrow.
The arrow hits you!
The centaur shoots an arrow.
The arrow hits you!
* * * LOW HITPOINT WARNING * * *
You see here a jackal corpse.
The centaur shoots an arrow.
The arrow hits you!
You die...
Your body glows slightly and disappears.

... #.....##..:....
... ...............
... .....?.........
... .............
... #.........# ...
⌠. #........###.
... ..##
#.†......$. ..
..... #..@.......
..⌠.###.†.....#. .
.....#.......... #.
#............ #.⌠
#............
#...#####l.......#.
......#........#.#
........#......#.c.
#.......#..........


You could see a centaur and an iguana.

Vanquished Creatures
  A necrophage (D:4)
  A scorpion (D:4)
  A jelly (D:4)
  2 hounds (D:4)
  An iguana (D:4)
  A mummy (D:4)
  3 gnolls (D:4)
  4 adders
  A white imp (D:3)
  5 worms
  3 dart slugs
  7 orcs
  8 bats
  7 endoplasms
  4 giant cockroaches
  11 goblins
  5 hobgoblins
  7 jackals
  11 kobolds
  5 quokkas
  9 ball pythons
  4 frilled lizards
  A goblin zombie (D:3)
  2 kobold skeletons (D:3)
  2 kobold zombies (D:3)
  2 orc skeletons (D:3)
  3 rats
111 creatures vanquished.

Notes
Turn   | Place    | Note
-------+----------+-------------------------------------------
     0 | D:1      | DeathSun the Troll Gladiator began the quest for the Orb.
     0 | D:1      | Reached XP level 1. HP: 19/19 MP: 0/0
   104 | D:1      | Reached XP level 2. HP: 27/27 MP: 1/1
   222 | D:1      | Reached skill level 4 in Unarmed Combat
   376 | D:1      | Reached XP level 3. HP: 33/33 MP: 2/2
   685 | D:2      | Identified the +6 spear of Votak {flame, +Blink rCorr Dex+3
                  | Stlth-}
   763 | D:2      | Reached XP level 4. HP: 41/41 MP: 3/3
   875 | D:2      | Reached skill level 5 in Unarmed Combat
  1134 | D:2      | Found a sparkling altar of Nemelex Xobeh.
  1141 | D:2      | Became a worshipper of Nemelex Xobeh the Trickster
  1252 | D:3      | Found a glowing golden altar of the Shining One.
  1338 | D:3      | Found a burning altar of Makhleb.
  1595 | D:3      | Reached skill level 1 in Invocations
  1619 | D:3      | Reached * piety under Nemelex Xobeh
  1823 | D:3      | Found a glowing silver altar of Zin.
  1823 | D:3      | Found a white marble altar of Elyvilon.
  1969 | D:4      | Found Geargh's Overcharged Wands.
  1980 | D:4      | Reached XP level 5. HP: 13/48 MP: 3/5
  2121 | D:4      | Found a snail-covered altar of Cheibriados.
  2155 | D:4      | Received a gift from Nemelex Xobeh
  2227 | D:4      | Identified the +1 ring mail "Haicir" {Will- rCorr Str+2
                  | Int+5}
  2246 | D:4      | Reached skill level 6 in Unarmed Combat
  2246 | D:4      | Reached XP level 6. HP: 43/55 MP: 6/6
  2776 | D:5      | Entered Level 5 of the Dungeon
  2786 | D:5      | Noticed a yak
  2847 | D:5      | Reached ** piety under Nemelex Xobeh
  2916 | D:5      | Found an iron altar of Okawaru.
  2931 | D:5      | Shot with an arrow by a centaur

Illustrated notes

Levels and vault maps discovered:
D:1:      dpeg_arrival_triangle_fractal, layout_rooms
D:2:      layout_loops_ring, basic_altar
D:3:      layout_loops_ring, nicolae_tso_besieged_by_evil, lemuel_round_altar,
          gammafunk_temple_overflow_pools, mrwooster_statue_mirror,
          hangedman_glass_teeth
D:4:      layout_gridville, slow_altar_2, nicolae_shop_overcharged_wands
D:5:      layout_cave_pools, grunt_gozag_breadcrumbs,
          mainiacjoe_overflow_brackets, okawaru_gym_becter,
          minmay_temple_entry_junction, serial_bayou_pond_c, minmay_manual_mess

Skill      XL: |  1  2  3  4  5  6 |
---------------+-------------------+-----
Unarmed Combat | 4 5 6 |  6.5
Invocations    | 1 2 3 |  3.3
Fighting       | |  1.5
Throwing       | |  1.7
Dodging        | |  2.4

Action                   |  1- 3 |  4- 6 || total
-------------------------+-------+-------++-------
Melee: Unarmed           |   130 |   172 ||   302
       Punch             |       |     3 ||     3
 Stab: Sleeping          |       |     1 ||     1
Armor: Robe              |    42 |    59 ||   101
Dodge: Dodged            |    70 |    89 ||   159

Table legend: (Time is in decaauts)
 A = Elapsed time spent in this place.
 B = Non-inter-level travel time spent in this place.
 C = Inter-level travel time spent in this place.
 D = Time resting spent in this place.
 E = Time spent auto-exploring this place.
 F = Levels seen in this place.
 G = Mean time per level.
                   A        B        C        D        E       F      G
               +--------+--------+--------+--------+--------+-----+--------+
         Total |   2905 |   2791 |    114 |      0 |   2112 |   5 |  581.0 |
       Dungeon |   2905 |   2791 |    114 |      0 |   2112 |   5 |  581.0 |
               +--------+--------+--------+--------+--------+-----+--------+

Top non-repeatable levels by time:
     D:4: 901 daAuts
     D:3: 735 daAuts
     D:2: 733 daAuts
     D:1: 482 daAuts
     D:5: 52 daAuts
